 Dungeon Crawl Stone Soup version 0.31.0-11-ge490571c62 (webtiles) character file.

Game seed: 11359982547786408492

6666 Curundu the Blocker (level 10, -6/129 HPs)
             Began as a Minotaur Berserker on Feb 3, 2024.
             Was an Elder of Trog.
             Killed by the air
             ... invoked by a wind drake (shapeshifter)
              (19 damage)
             ... on level 8 of the Dungeon.
             The game lasted 00:29:56 (8758 turns).

Curundu the Blocker (Minotaur Berserker)            Turns: 8758, Time: 00:29:57

Health: -6/129     AC: 19    Str: 27    XL:     10   Next: 73%
Magic:  9/9        EV:  7    Int:  4    God:    Trog [****..]
Gold:   17         SH: 15    Dex:  9    Spells: 9/9 levels left

rFire   . . .        z - +0 war axe
rCold   + + .        f - +0 tower shield
rNeg    . . .        h - +0 plate armour
rPois   .            (helmet restricted)
rElec   .            s - +0 cloak
rCorr   .            (no gloves)
SInv    .            i - +2 pair of boots
Will    ++...        (no amulet) Stlth
                     g - ring of protection from cold
HPRegen 1.41/turn    E - ring of protection from cold
MPRegen 0.11/turn

%: no passive effects
@: berserking (expiring), strong-willed (expiring), regenerating (expiring),
very quick
A: horns 2, retaliatory headbutt
a: Renounce Religion, Berserk, Trog's Hand, Brothers in Arms


You were on level 8 of the Dungeon.
You worshipped Trog.
Trog was greatly pleased with you.
You visited 2 branches of the dungeon, and saw 9 of its levels.
You also visited: Sewer and Ossuary.

You collected 17 gold pieces.

Inventory:

Hand Weapons
 z - a +0 war axe (weapon)
Armour
 f - a +0 tower shield (worn)
 h - a +0 plate armour (worn)
 i - a +2 pair of boots (worn)
 s - a +0 cloak (worn)
Jewellery
 g - a ring of protection from cold (left hand)
 E - a ring of protection from cold (right hand)
Wands
 a - a wand of charming (4)
 n - a wand of polymorph (10)
Scrolls
 c - 2 scrolls of revelation
 e - 2 scrolls of blinking
 j - 4 scrolls of teleportation
 y - a scroll of fear
 A - a scroll of fog
 D - a scroll of poison
Potions
 d - 2 potions of enlightenment
 l - 2 potions of curing
 m - 2 potions of mutation
 t - 4 potions of haste
 u - 3 potions of might
 x - a potion of berserk rage
 B - a potion of magic
 F - a potion of lignification {unknown}


   Skills:
 + Level 7.0 Fighting
 + Level 10.6 Axes
 * Level 9.5 Armour
 + Level 5.1 Dodging
 + Level 1.0 Stealth
 * Level 11.6 Shields


You had 9 spell levels left.
You didn't know any spells.
Your spell library was empty.

Dungeon Overview and Level Annotations

Branches:
Dungeon (8/15)             Temple (1/1) D:5           Sewer (visited)
Ossuary (visited)
   Lair: D:8-11

Altars:
Ashenzari
Dithmenos
Elyvilon
Fedhas
Gozag
Hepliaklqana
Kikubaaqudgha
Makhleb
Nemelex Xobeh
Okawaru
Qazlal
Ru
Sif Muna
Trog
Uskayaw
Wu Jian
Xom
Yredelemnul
Zin
The Shining One

Shops:
D:3 (

Annotations:
D:3 AbbaRin's ghost, weakling TeCj
D:7 Maurice


Innate Abilities, Weirdness & Mutations

You have a pair of horns on your head.
You reflexively headbutt those who attack you in melee.


Message History

You slash the cyclops!
You are engulfed in a cloud of scalding steam.
* * * LOW HITPOINT WARNING * * *
The cyclops is engulfed in a cloud of scalding steam.
The cyclops dies!
You closely miss the steam dragon.
The steam dragon is heavily wounded.
You are engulfed in a cloud of scalding steam.
* * * LOW HITPOINT WARNING * * *
You block the steam dragon's attack. x2
The wind drake exhales a fierce blast of wind!
You are knocked back by the gust of wind.
The steam dragon is knocked back by the gust of wind.
You hit the steam dragon.
The steam dragon is severely wounded.
You slash the steam dragon!
You feel the power of Trog in you as your rage grows.
You kill the steam dragon!
Trog accepts your kill.
The steam dragon scales are intact enough to wear.
You feel the effects of Trog's Hand fading.
Your Fighting skill increases to level 7!
You are engulfed in a cloud of scalding steam.
You slash the wind drake! Your headbutt misses the wind drake.
The wind drake is moderately wounded.
The wind drake exhales a fierce blast of wind!
You are knocked back by the gust of wind.
The wind drake bites you but does no damage.
You slice the wind drake!! Your headbutt misses the wind drake.
The wind drake is heavily wounded.
You block the wind drake's attack.
You completely miss the wind drake. Your headbutt misses the wind drake.
The wind drake is heavily wounded.
You miss the wind drake. You headbutt the wind drake.
The wind drake is heavily wounded.
The wind drake exhales a fierce blast of wind!
You are knocked back by the gust of wind.
The wind drake flaps its wings at you. The air twists around and strikes you!!
You die...

## .. ##.##..
#####.......
#.##........ ####
##.#.........
##...##............
##........[.......##
#......@.....k......
#..#...###)#####.###
#...#?....#
.....###.#.#
#.......#.#...
#..##.#.#)###..# #..
#.#....)#...# ##
#.###.### #.#
#.#.....# .}


You could see a wind drake (repels missiles, catching breath).

Vanquished Creatures
  Pikel (D:7)
  A gargoyle (D:8)
  Joseph (D:7)
  The ghost of TheBioAlchemist the Digger, a novice GrEE (D:5)
  Prince Ribbit (D:8)
  A slime creature (D:8)
  Grum (D:8)
  A steam dragon (D:8)
  2 water moccasins
  An acid dragon (D:8)
  Duvessa (D:4)
  An ice beast (D:7)
  2 sky beasts
  2 black bears (D:7)
  An ogre (D:6)
  4 wolves (D:8)
  3 centaurs
  A phantom (D:4)
  A lemure (D:7)
  3 kobold brigands (Sewer)
  Blork the orc (D:4)
  4 bullfrogs
  A gnoll sergeant (D:7)
  2 brain worms (Sewer)
  11 scorpions
  Dowan (D:4)
  A howler monkey (D:5)
  A bombardier beetle (D:4)
  3 quasits (D:4)
  5 centaur zombies (Ossuary)
  4 hounds
  A jelly (D:6)
  A gnoll bouda (D:3)
  3 orc priests
  4 orc wizards
  2 scorpion zombies (Ossuary)
  A sleepcap (D:4)
  2 human zombies (Ossuary)
  5 iguanas
  3 mummies (Ossuary)
  3 gnolls (D:7)
  4 river rats
  12 adders
  A shadow imp (D:5)
  2 ufetubi (D:5)
  3 adder zombies (Ossuary)
  2 ribbon worms
  The ghost of superradish the Sneak, a weakling DsDe (D:4)
  2 dart slugs
  26 orcs
  8 endoplasms
  A giant cockroach (D:4)
  A gnoll zombie (Ossuary)
  7 hobgoblins
  2 jackals (Sewer)
  10 kobolds
  5 quokkas
  8 ball pythons
  4 ball python zombies (Ossuary)
  6 bats
  6 frilled lizards
  3 goblins
  A jackal zombie (Ossuary)
  3 orc zombies (Ossuary)
  10 rats
217 creatures vanquished.

Vanquished Creatures (others)
  A cyclops (D:8)
1 creature vanquished.

Grand Total: 218 creatures vanquished

Notes
Turn   | Place    | Note
-------+----------+-------------------------------------------
     0 | D:1      | Curundu the Minotaur Berserker began the quest for the Orb.
     0 | D:1      | Reached XP level 1. HP: 19/19 MP: 0/0
    49 | D:1      | Found Xabboudi's Antique Weapon Boutique.
   251 | D:1      | Reached XP level 2. HP: 27/27 MP: 1/1
   467 | D:1      | Reached skill level 1 in Shields
   505 | D:1      | Reached ** piety under Trog
   803 | D:2      | Found a faded altar of an unknown god.
  1116 | D:2      | Reached XP level 3. HP: 25/33 MP: 2/2
  1294 | D:2      | Reached XP level 4. HP: 40/41 MP: 3/3
  2138 | D:3      | Reached skill level 2 in Shields
  2143 | D:3      | Noticed a water moccasin
  2153 | D:3      | Killed a water moccasin
  2154 | D:3      | Reached XP level 5. HP: 43/47 MP: 4/4
  2175 | D:3      | Found a runed translucent door.
  2175 | D:3      | Noticed AbbaRin's ghost (weakling TeCj)
  2191 | D:3      | Reached skill level 3 in Shields
  2269 | D:3      | Reached skill level 5 in Axes
  2283 | D:3      | Found a glowing drain.
  2287 | Sewer    | Entered a sewer
  2351 | Sewer    | Reached XP level 6. HP: 36/55 MP: 5/5
  2585 | Sewer    | Reached skill level 4 in Shields
  2631 | Sewer    | Reached skill level 5 in Fighting
  2663 | Sewer    | Reached XP level 7. HP: 61/61 MP: 6/6
  2741 | Sewer    | Reached *** piety under Trog
  2755 | Sewer    | Reached skill level 5 in Armour
  3485 | D:3      | Found Nuoxtad's Antique Weapon Shoppe.
  4031 | D:3      | Reached skill level 5 in Shields
  4072 | D:4      | Noticed Duvessa
  4072 | D:4      | Noticed Dowan
  4083 | D:4      | Killed Duvessa
  4087 | D:4      | Killed Dowan
  4114 | D:4      | Found a sacrificial altar of Ru.
  4168 | D:4      | Found a transporter.
  4174 | D:4      | Noticed superradish's ghost (weakling DsDe)
  4197 | D:4      | Found a shimmering blue altar of Sif Muna.
  4456 | D:4      | Found a sand-covered staircase.
  4469 | Ossuary  | Entered an ossuary
  4496 | Ossuary  | Reached XP level 8. HP: 63/68 MP: 7/7
  4498 | Ossuary  | Reached skill level 6 in Shields
  4689 | Ossuary  | Reached skill level 7 in Shields
  4944 | D:4      | Reached **** piety under Trog
  4980 | D:4      | Noticed Blork the orc
  4991 | D:4      | Killed Blork the orc
  5092 | D:4      | Found a hazy altar of Hepliaklqana.
  5092 | D:4      | Found a hide-covered altar of Uskayaw.
  5223 | D:4      | Found a transporter.
  5533 | D:4      | Reached skill level 8 in Shields
  5533 | D:4      | Reached XP level 9. HP: 75/75 MP: 8/8
  5534 | D:4      | Killed superradish's ghost
  5617 | D:5      | Entered Level 5 of the Dungeon
  5768 | D:5      | Found a runed translucent gate.
  5768 | D:5      | Found a runed translucent gate.
  5768 | D:5      | Found a runed translucent gate.
  5768 | D:5      | Noticed TheBioAlchemist's ghost (novice GrEE)
  6137 | D:5      | Reached skill level 1 in Stealth
  6221 | D:5      | Found a staircase to the Ecumenical Temple.
  6233 | Temple   | Entered the Ecumenical Temple
  6396 | D:5      | Identified the +0 leather armour "Jefip" {rCorr}
  6585 | D:5      | Killed TheBioAlchemist's ghost
  6781 | D:6      | Reached skill level 9 in Shields
  7314 | D:7      | Noticed Pikel
  7334 | D:7      | Killed Pikel
  7335 | D:7      | Reached skill level 5 in Dodging
  7335 | D:7      | Reached skill level 10 in Shields
  7574 | D:7      | Reached XP level 10. HP: 83/83 MP: 9/9
  7876 | D:7      | Noticed Maurice
  7878 | D:7      | Something stole 2 boomerangs
  7879 | D:7      | Something stole 271 gold
  8242 | D:7      | Noticed Joseph
  8256 | D:7      | Killed Joseph
  8469 | D:8      | Noticed Grum
  8483 | D:8      | Noticed a gargoyle
  8485 | D:8      | Noticed Prince Ribbit
  8491 | D:8      | Killed Grum
  8493 | D:8      | Reached skill level 10 in Axes
  8494 | D:8      | Killed Prince Ribbit
  8497 | D:8      | Reached skill level 11 in Shields
  8501 | D:8      | Killed a gargoyle
  8738 | D:8      | Noticed a cyclops
  8748 | D:8      | Killed a cyclops
  8749 | D:8      | HP: 2/126 [steam dragon] (9)]
  8758 | D:8      | Killed from afar by a wind drake (shapeshifter)

Illustrated notes

Levels and vault maps discovered:
D:1:      shiori_arrival_oz, layout_loops_ring, serial_shops, shop,
          nicolae_houndstooth_variations
D:2:      layout_basic, serial_forest, infiniplex_forest_clump_tiny,
          infiniplex_forest_clump_small, infiniplex_forest_lined_corner,
          infiniplex_forest_clump_diagonal, infiniplex_forest_end_2,
          infiniplex_forest_lined_1, infiniplex_forest_zigzag_1,
          infiniplex_forest_lined_room_2, nicolae_ecumenical_pavilion
D:3:      layout_basic, gup_sewer_entry_bowl, serial_shops,
          nicolae_shop_overgrown_old_shop, ebering_ghost_inner_flame,
          minmay_misc_feat_alley
D:4:      cheibrodos_quashed, layout_loops_ring,
          mainiacjoe_overflow_cross_hatched, nicolae_overflow_two_pavilions,
          nicolae_ru_sacrificial_ziggurat, gammafunk_ghost_stat_death,
          mainiacjoe_ossuary_entry_dusty_tomb, minmay_misc_feat_roman,
          uniq_blork_the_orc, uniq_duvessa
D:5:      layout_basic, temple_hall, ebering_ghost_rock_garden
D:6:      layout_rooms
D:7:      layout_basic, uniq_pikel, uniq_maurice, uniq_joseph
D:8:      minmay_the_grid_square_5x5_3x3 [minmay_the_grid_square_5x5_inner_v,
          minmay_the_grid_square_5x5_hourglass, minmay_the_grid_square_5x5_two,
          minmay_the_grid_square_5x5_n,
          minmay_the_grid_square_5x5_megaprize_diamond,
          minmay_the_grid_square_5x5_inverted_slash,
          minmay_the_grid_square_5x5_hollow_slash, minmay_the_grid_square_5x5_z,
          minmay_the_grid_square_5x5_forky], layout_cave_pools, uniq_grum,
          uniq_prince_ribbit1, uniq_gastronok
Temple:   nicolae_temple_elliptical

Skill      XL: |  1  2  3  4  5  6  7  8  9 10 |
---------------+-------------------------------+-----
Axes           | 4 5 6 8 9 10 | 10.6
Shields        | 1 2 3 4 5 8 10 11 | 11.6
Fighting       | 4 5 6 7 |  7.0
Armour         | 3 4 6 8 9 |  9.5
Dodging        | 3 4 5 |  5.1
Stealth        | 1 |  1.0

Action                     |  1- 3 |  4- 6 |  7- 9 | 10-12 || total
---------------------------+-------+-------+-------+-------++-------
  Melee: Hand axe          |    65 |   198 |   208 |       ||   471
         Headbutt          |     7 |    39 |    76 |    29 ||   151
         War axe           |       |       |   235 |   122 ||   357
 Invoke: Trog's Hand       |       |       |     7 |     5 ||    12
         Berserk           |       |       |     3 |     3 ||     6
    Use: Scroll            |     6 |       |    18 |     1 ||    25
         Potion            |       |       |       |     1 ||     1
 Armour: Animal skin       |    17 |       |       |       ||    17
         Ring mail         |    13 |    68 |   278 |       ||   359
         Chain mail        |       |       |    28 |       ||    28
         Plate armour      |       |       |    16 |   135 ||   151
  Dodge: Dodged            |    21 |    40 |   162 |    30 ||   253
  Block: Tower shield      |    35 |    77 |   463 |   120 ||   695
